 Dungeon Crawl Stone Soup version 0.29.1-12-g30fa7ad0bf (webtiles) character file.

Game seed: 343377436458774245

65 Peloso the Covered (level 3, -2/33 HPs)
             Began as a Minotaur Fighter on Dec 24, 2022.
             Slain by Terence
             ... wielding a +4 hand axe of venom
              (9 damage)
             ... on level 2 of the Dungeon.
             The game lasted 00:02:00 (1323 turns).

Peloso the Covered (Minotaur Fighter)               Turns: 1323, Time: 00:02:01

Health: -2/33      AC:  7    Str: 20    XL:     3   Next: 94%
Magic:  2/2        EV:  9    Int:  5    God:
Gold:   70         SH:  4    Dex: 11    Spells: 2/2 levels left

rFire   . . .      SeeInvis .   a - +0 long sword
rCold   . . .      Faith    .   d - +0 buckler
rNeg    . . .      Spirit   .   b - +0 scale mail
rPois   .          Reflect  .   (helmet restricted)
rElec   .          Harm     .   (no cloak)
rCorr   .          Rampage  .   (no gloves)
Will    .....                   (no boots)
Stlth   ..........              (no amulet)
HPRegen 0.11/turn               (no ring)
MPRegen 0.08/turn               (no ring)

@: no status effects
A: horns 2, retaliatory headbutt
a: no special abilities


You were on level 2 of the Dungeon.
You visited 1 branch of the dungeon, and saw 2 of its levels.

You collected 100 gold pieces.
You spent 30 gold pieces at shops.

Inventory:

Hand Weapons
 a - a +0 long sword (weapon)
 c - a +0 dagger
Armour
 b - a +0 scale mail (worn)
 d - a +0 buckler (worn)
Scrolls
 f - a scroll of silence {unknown}
 l - 2 scrolls of identify {unknown}
Potions
 e - a potion of might
 g - a potion of curing
 h - a potion of cancellation {unknown}
 i - a potion of lignification {unknown}
 j - a potion of haste {unknown}
 k - a potion of berserk rage {unknown}


   Skills:
 + Level 4.0 Fighting
 + Level 3.1 Long Blades
 + Level 4.5 Armour
 + Level 1.0 Dodging
 + Level 4.1 Shields


You had 2 spell levels left.
You didn't know any spells.
Your spell library contained the following spells:

 Spells                   Type           Power      Damage    Failure   Level
 Blink                    Tloc           0%         N/A       96%         2
 Manifold Assault         Tloc           0%         N/A       100%        5
 Storm Form               Tmut/Air       0%         N/A       100%        7


Dungeon Overview and Level Annotations

Branches:
Dungeon (2/15)

Altars:

Shops:
D:1 (![*

Annotations:
D:2 Terence


Innate Abilities, Weirdness & Mutations

You have a pair of horns on your head.
You reflexively headbutt those who attack you in melee.


Message History

The giant cockroach completely misses you.
You furiously retaliate!
You headbutt the giant cockroach!
You kill the giant cockroach!
Your Dodging skill increases to level 1!
You see here a giant cockroach corpse.
Things that are here:
a +0 dagger; a +0 robe You feel yourself speed up.
As you open the door, it creaks loudly!
Found a stone staircase leading down.
Terence the Incautious comes into view.
He is wielding a +4 hand axe of venom.
There is an open door here.
Terence is nearby!
Terence is nearby!
Terence shouts!
Found a sling.
You barely miss Terence.
Terence hits you with a +4 hand axe of venom!
You are poisoned.
You closely miss Terence.
You feel very sick. Terence barely misses you.
You hit Terence but do no damage. You headbutt Terence!
Terence is moderately wounded.
You feel very sick.
Terence hits you with a +4 hand axe of venom!
You are lethally poisoned!
Terence closely misses you.
You hit Terence.
Terence is severely wounded.
* * * LOW HITPOINT WARNING * * *
You feel very sick.
Terence hits you with a +4 hand axe of venom.
* * * LOW HITPOINT WARNING * * *
You are more poisoned.
You feel better. Terence barely misses you.
You barely miss Terence.
Terence is severely wounded.
Terence hits you with a +4 hand axe of venom!
You die...

#......# #......#
#......+ #......#
###......######
....>....'....## ......
#......####..##.....#
#......#####.##.....#
#....@.......##.....#
#......@........#.....#
#...............#.....#
#.............†)#.....#
#.....................##
#..............##.#####.
#..............##.#####.
......)...............#.
.....).........#.


You could see Terence.

Vanquished Creatures
  Jessica (D:2)
  An adder (D:2)
  2 endoplasms (D:1)
  2 giant cockroaches (D:2)
  3 goblins (D:1)
  2 hobgoblins (D:1)
  3 jackals (D:1)
  3 quokkas (D:1)
  2 bats (D:1)
  A frilled lizard (D:1)
  5 kobolds (D:1)
  3 rats
28 creatures vanquished.

Notes
Turn   | Place    | Note
-------+----------+-------------------------------------------
     0 | D:1      | Peloso the Minotaur Fighter began the quest for the Orb.
     0 | D:1      | Reached XP level 1. HP: 19/19 MP: 0/0
   121 | D:1      | Reached XP level 2. HP: 20/27 MP: 1/1
   146 | D:1      | Found Qilumpe's Distillery.
   257 | D:1      | Bought a potion of curing for 30 gold pieces
   285 | D:1      | Found Kiezes's Assorted Antiques.
   554 | D:1      | Found Alifis's Weapon Boutique.
   914 | D:1      | Found Irghixta's Antique Armour Emporium.
  1156 | D:2      | Reached XP level 3. HP: 25/33 MP: 2/2
  1269 | D:2      | Noticed Jessica
  1273 | D:2      | Killed Jessica
  1278 | D:2      | Reached skill level 1 in Dodging
  1314 | D:2      | Noticed Terence
  1323 | D:2      | Slain by Terence

Illustrated notes

Levels and vault maps discovered:
D:1:      dpeg_arrival_round_a, layout_loops_ring, serial_shops,
          nicolae_shop_bloodbath_and_beyond, nicolae_lakefront_shop,
          nicolae_shop_statue_plus, nicolae_shop_window_shopping
D:2:      layout_basic, uniq_jessica, uniq_terence, uniq_robin

Skill      XL: |  1  2  3 |
---------------+----------+-----
Shields        | 4 |  4.1
Armour         | 4 |  4.5
Fighting       | 4 |  4.0
Long Blades    | 3 |  3.1
Dodging        | 1 |  1.0

Action                   || total
-------------------------++-------
Melee: Long sword        ||    74
       Headbutt          ||    10
  Use: Potion            ||     1
Armor: Scale mail        ||    53
Dodge: Dodged            ||    37
Block: Buckler           ||    18
